 Dungeon Crawl Stone Soup version 0.26.0-10-g1f06aea511 (webtiles) character file.

Game seed: 9514846609488271591

111 CurlyBrace the Grasshopper (level 4, 0/18 HPs)
             Began as a Felid Warper on Jan 14, 2021.
             Was a Follower of Cheibriados.
             Killed from afar by an electric eel (14 damage)
             ... with a bolt of electricity
             ... on level 6 of the Dungeon.
             The game lasted 00:19:14 (1284 turns).

CurlyBrace the Grasshopper (Felid Warper)           Turns: 1284, Time: 00:19:28

Health: 0/18       AC:  1    Str: 10    XL:     4   Next: 62%
Magic:  1/8        EV: 19    Int: 18    God:    Cheibriados [*.....]
Gold:   127        SH:  0    Dex: 19    Spells: 1/7 levels left
                                        Lives:  0   Deaths: 1

rFire    . . .     SeeInvis +     - Unarmed
rCold    + . .     Faith    .   (shield unavailable)
rNeg     . . .     Spirit   .   (armour unavailable)
rPois    .         Reflect  .   (helmet unavailable)
rElec    .         Harm     .   (cloak unavailable)
rCorr    .         Rampage  .   (gloves unavailable)
Will     .....                  (boots unavailable)
Stlth    +++.......             (no amulet)
HPRegen  0.06/turn              j - +4 ring of slaying
MPRegen  0.11/turn              c - ring of protection from cold

@: slow
A: very small, no armour, no weapons or thrown items, stealth, claws 1, fangs 3,
see invisible, blink, speed 1, frail 1, shaggy fur 1, sharp paws
a: Blink, Renounce Religion, Bend Time


You were on level 6 of the Dungeon.
You worshipped Cheibriados.
Cheibriados was aware of your devotion.
You visited 1 branch of the dungeon, and saw 6 of its levels.

You collected 127 gold pieces.

Inventory:

Jewellery
 c - a ring of protection from cold (right paw)
   (You found it on level 5 of the Dungeon)
 j - a +4 ring of slaying (left paw)
   (You found it on level 3 of the Dungeon)
Wands
 k - a wand of flame (15)
   (You found it on level 3 of the Dungeon)
Scrolls
 b - a scroll of random uselessness {unknown}
 d - a scroll of fog
 g - a scroll of amnesia {unknown}
 i - 2 scrolls of magic mapping
 r - a scroll of identify
 x - a scroll of remove curse
 z - 2 scrolls of blinking
Potions
 a - 2 potions of lignification
 e - a potion of degeneration {unknown}
 f - a potion of brilliance {unknown}
 h - a potion of flight {unknown}


   Skills:
 * Level 2.4 Fighting
 + Level 3.7 Dodging
 - Level 4.0 Stealth
 - Level 4.0 Unarmed Combat
 + Level 2.3 Spellcasting
 - Level 5.0 Translocations
 - Level 1.0 Evocations


You had one spell level left.
You knew the following spells:

 Your Spells              Type           Power        Failure   Level
a - Blink                 Tloc           N/A          3%          2
b - Passage of Golubria   Tloc           N/A          22%         4

Your spell library contained the following spells:

 Spells                   Type           Power        Failure   Level
 Gell's Gravitas          Tloc           10%          7%          3
 Lesser Beckoning         Tloc           10%          7%          3
 Teleport Other           Tloc           20%          7%          3


Dungeon Overview and Level Annotations

Branches:
Dungeon (6/15)
 Temple: D:4-7

Altars:
Cheibriados
Gozag
Nemelex Xobeh

Shops:
D:5 [


Innate Abilities, Weirdness & Mutations

You cannot wear armour.
You are incapable of wielding weapons or throwing items.
Your paws allow you to move quietly. (Stealth)
You have sharp claws.
You have razor-sharp teeth.
You have supernaturally acute eyesight. (SInv)
You cover ground quickly.
You are covered in fur. (AC +1)
Your sharp claws are effective at attacking unaware monsters.
You can translocate small distances at will.
You are frail. (-10% HP)


Message History

g - Guard the area. f - Follow me.
Anything else - Cancel.
You meow for attention!
You hear a shout!
Unknown command.
An electric eel comes into view.
The electric eel moves out of view.
An orc comes into view. It is wielding a +0 flail.
What are your orders? t - Meow!
Orders for allies: a - Attack new target. r - Retreat! s - Stop attacking. g - Guard the area. f - Follow me.
Anything else - Cancel.
You meow for attention!
You hear a shout!
The electric eel shoots out a bolt of lightning at you!
The bolt of electricity hits the plant!
The plant begins to die.
The bolt of electricity hits the plant!
The plant begins to die.
The bolt of electricity hits you!
Ouch! That really hurt!
You die...

#.# #.≈≈;≈....# #.#
#..≈≈≈.o#.# #.#
#..≈≈≈≈.#.# #.#
..≈≈≈P≈...# #.#
..≈≈≈P≈≈..## ###.###
.≈≈≈≈≈PP...## #......
.≈≈≈≈≈≈≈....# #......
..≈P≈≈≈@..#.# #......
...P≈≈≈≈..#.# #......
...≈≈≈≈≈....# #......
...P≈≈≈P....# #......
..)≈≈≈≈≈≈...# ####......
..≈P≈≈≈≈P≈..###.........
....≈≈≈≈≈≈P..##.####.###
#...≈.≈≈≈≈P.[..#.# #....
#.....≈≈≈≈≈≈P....# #####


You could see an electric eel and an orc.

Vanquished Creatures
  A centaur (D:5)
  Natasha (D:2)
  A worker ant (D:5)
  4 adders (D:2)
  A white imp (D:5)
  2 worms (D:2)
  A dart slug (D:1)
  2 leopard geckos (D:2)
  2 orcs (D:3)
  2 giant cockroaches (D:1)
  2 hobgoblins (D:2)
  3 quokkas (D:2)
  A ball python (D:3)
  5 bats
  5 frilled lizards
  2 goblins (D:1)
  5 kobolds
  3 rats
43 creatures vanquished.

Vanquished Creatures (others)
  A plant (D:6)
1 creature vanquished.

Grand Total: 44 creatures vanquished

Notes
Turn   | Place    | Note
-------+----------+-------------------------------------------
     0 | D:1      | CurlyBrace the Felid Warper began the quest for the Orb.
     0 | D:1      | Reached XP level 1. HP: 9/9 MP: 4/4
   163 | D:1      | Reached skill level 1 in Stealth
   170 | D:2      | Found a snail-covered altar of Cheibriados.
   172 | D:2      | Became a worshipper of Cheibriados the Contemplative
   222 | D:2      | Reached XP level 2. HP: 13/13 MP: 6/6
   225 | D:2      | Learned a level 2 spell: Blink
   509 | D:2      | Reached XP level 3. HP: 16/16 MP: 7/7
   521 | D:2      | Found an opulent altar of Gozag.
   521 | D:2      | Found a sparkling altar of Nemelex Xobeh.
   551 | D:2      | Noticed Natasha
   561 | D:2      | Killed Natasha
   562 | D:2      | Reached skill level 1 in Evocations
   632 | D:1      | Reached XP level 4. HP: 15/19 MP: 8/8
   647 | D:1      | Reached * piety under Cheibriados
   681 | D:1      | Learned a level 4 spell: Passage of Golubria
  1010 | D:3      | Gained mutation: You are frail. (-10% HP) [potion of
                  | mutation]
  1010 | D:3      | Gained mutation: You can translocate small distances at
                  | will. [potion of mutation]
  1040 | D:5      | Entered Level 5 of the Dungeon
  1051 | D:5      | Reached skill level 5 in Translocations
  1053 | D:5      | Found Laoqao's Antique Armour Emporium.
  1066 | D:5      | Noticed a centaur
  1078 | D:5      | Killed a centaur
  1079 | D:5      | Reached XP level 5. HP: 8/20 MP: 5/9
  1157 | D:6      | Slain by a bullfrog
  1158 | D:6      | Reached XP level 4. HP: -1/18 MP: 5/8
  1284 | D:6      | Killed from afar by an electric eel

Illustrated notes

Levels and vault maps discovered:
D:1:      dpeg_arrival_oval, layout_basic
D:2:      minmay_general_purpose_star, layout_basic,
          grunt_temple_overflow_opulence, cheibriados_altar_1, serial_glass,
          glass_columns_a, glass_columns_a, uniq_natasha
D:3:      layout_basic, grunt_decor_one_mirror, minmay_misc_feat_roman
D:4:      layout_gridville, kennysheep_okawaru_gauntlet, minitemple,
          nicolae_qazlal_style_of_elements, uniq_edmund
D:5:      layout_basic, serial_shops, nicolae_shop_trees,
          kennysheep_generic_room_10
D:6:      layout_basic, chequers_big_river, abandoned_shop, grunt_ministairs_8

Skill      XL: |  1  2  3  4 |
---------------+-------------+-----
Stealth        | 1 2 3 4 |  4.0
Unarmed Combat | 3 4 |  4.0
Evocations     | 1 |  1.0
Translocations | 5 |  5.0
Fighting       | |  2.4
Dodging        | |  3.7
Spellcasting   | |  2.3

Action                   |  1- 3 |  4- 6 || total
-------------------------+-------+-------++-------
Melee: Unarmed           |    71 |    53 ||   124
       Bite              |     8 |     3 ||    11
       Punch             |       |     1 ||     1
 Cast: Blink             |    14 |    17 ||    31
       Passage of Golubr |       |     8 ||     8
 Abil: Blink             |       |    11 ||    11
Evoke: Wand              |       |     5 ||     5
  Use: Scroll            |     3 |     4 ||     7
       Potion            |     1 |     4 ||     5
 Stab: Sleeping          |     5 |     6 ||    11
Armor: Skin              |     3 |       ||     3
Dodge: Dodged            |    49 |    38 ||    87
